[Event "Titled Tuesday Blitz May 4 2021"]
[White "Karacsonyi, Gellert"]
[Black "Borawski, Jakub"]
[WhiteFideId "764620"]
[BlackFideId "1143000"]
[WhiteElo "2192"]
[BlackElo "2020"]
[Result "1-0"]
[Round "01"]
[TimeControl "180+1"]
[Date "2021.05.04"]
[WhiteClock "0:00:37"]
[BlackClock "0:00:11"]

1. e4 e5 2. Nf3 Nc6 3. Bb5 a6 4. Bxc6 dxc6 5. O-O Qd6 6. Na3 Be6 7. Ng5 O-O-O 8. Nxe6 Qxe6 9. b3 h5 10. Nc4 h4 11. h3 g5 12. Bb2 f6 13. Ne3 Nh6 14. d3 Bc5 15. Qe2 Bxe3 16. fxe3 g4 17. hxg4 Nxg4 18. Rf5 Rdg8 19. Raf1 h3 20. g3 Qe7 21. d4 Kb8 22. d5 Qc5 23. R5f3 cxd5 24. exd5 e4 25. Rf4 Qxe3+ 26. Qxe3 Nxe3 27. Re1 Rxg3+ 28. Kh2 Rg2+ 29. Kh1 Ng4 30. Bd4 Re8 31. Rexe4 Rxe4 32. Rxe4 b6 33. c4 Rxa2 34. Rxg4 Ra3 35. Rg3 a5 36. Bxf6 Kb7 37. Be7 Ra2 38. Rxh3 a4 39. bxa4 Rxa4 40. Rc3 Ra2 41. Kg1 Re2 42. Ba3 Rd2 43. Kf1 c6 44. Ke1 Rd4 45. dxc6+ Kxc6 46. Ke2 b5 47. c5 Ra4 48. Rb3 Rh4 49. Kd2 Rh2+ 50. Kc1 Rh1+ 51. Kc2 Rh2+ 52. Kb1 Rh1+ 53. Ka2 Rh2+ 54. Rb2 Rh3 55. Bb4 Rh4 56. Ka3 Rh3+ 57. Rb3 Rh4 58. Rd3 Rh6 59. Rd6+ Rxd6 60. cxd6 Kd7 61. Kb3 Kc6 62. Kc3 Kd7 63. Kd4 Kc6 64. Ke5 Kd7 65. Kd5 Kd8 66. Kc6 Kc8 67. d7+ Kd8 68. Ba5+ Ke7 69. d8=Q+ 1-0


[Site "https://www.chess.com"]

[Event "Titled Tuesday Blitz May 4 2021"]
[White "Kaufman, Raymond"]
[Black "Mohammad Fahad, Rahman"]
[WhiteFideId "2015056"]
[BlackFideId "10207791"]
[WhiteElo "2321"]
[BlackElo "2308"]
[Result "0-1"]
[Round "01"]
[TimeControl "180+1"]
[Date "2021.05.04"]
[WhiteClock "0:00:15"]
[BlackClock "0:00:16"]

1. d4 d5 2. c4 c6 3. Nf3 Nf6 4. Nc3 e6 5. Qd3 dxc4 6. Qxc4 b5 7. Qd3 a6 8. e4 c5 9. d5 c4 10. Qd4 b4 11. Na4 exd5 12. exd5 Qa5 13. Nb6 Bc5 14. Qe5+ Kd8 15. Nxc4 Qc7 16. Qxc7+ Kxc7 17. Bf4+ Kb7 18. O-O-O Bxf2 19. Nfe5 Rf8 20. Nxf7 Bg4 21. Nfd6+ Ka7 22. Rd2 Bc5 23. h3 Bh5 24. g4 Bg6 25. Bg2 Nbd7 26. Na5 Nxg4 27. Nc6+ Kb6 28. Nc4+ Kb5 29. Bf1 Rxf4 30. N4e5+ Rxf1+ 31. Rxf1 Ngxe5 32. Nxe5 Nxe5 33. Rfd1 Be3 0-1


[Site "https://www.chess.com"]

[Event "Titled Tuesday Blitz May 4 2021"]
[White "Khnykin, Nikolay"]
[Black "Stromboli, Ettore"]
[WhiteFideId "4188853"]
[BlackFideId "813761"]
[WhiteElo "2280"]
[BlackElo "2414"]
[Result "0-1"]
[Round "01"]
[TimeControl "180+1"]
[Date "2021.05.04"]
[WhiteClock "0:00:04"]
[BlackClock "0:00:42"]

1. e4 e6 2. d4 d5 3. exd5 exd5 4. Nf3 Bd6 5. Be2 Ne7 6. O-O O-O 7. Nc3 c6 8. Bg5 Bg4 9. Bd3 h6 10. Bh4 Nd7 11. Bg3 Bxg3 12. hxg3 Qb6 13. Re1 Qxb2 14. Ne2 Qb6 15. Nf4 Rfe8 16. Qd2 Qc7 17. Ne5 Nxe5 18. dxe5 Bf5 19. Bxf5 Nxf5 20. g4 Ne7 21. Nh5 Ng6 22. f4 Re7 23. Re2 Rae8 24. Rae1 Qd7 25. Ng3 Qxg4 26. f5 Nxe5 27. f6 Nf3+ 28. gxf3 Qxg3+ 29. Kf1 Qxf3+ 30. Rf2 Qh1# 0-1


[Site "https://www.chess.com"]

[Event "Titled Tuesday Blitz May 4 2021"]
[White "Kilpatrick, Callum"]
[Black "Haessel, Dale R."]
[WhiteFideId "414425"]
[BlackFideId "2012618"]
[WhiteElo "2489"]
[BlackElo "2167"]
[Result "1-0"]
[Round "01"]
[TimeControl "180+1"]
[Date "2021.05.04"]
[WhiteClock "0:01:01"]
[BlackClock "0:00:03"]

1. e4 e5 2. Nf3 Nc6 3. Bb5 Nf6 4. O-O Nxe4 5. d4 Nd6 6. Bxc6 dxc6 7. dxe5 Nf5 8. Qxd8+ Kxd8 9. Nc3 Bd7 10. h3 h6 11. g4 Ne7 12. Rd1 Kc8 13. Be3 b6 14. Rd2 c5 15. Rad1 Bc6 16. Rd8+ Kb7 17. Rxa8 Kxa8 18. Rd8+ Kb7 19. Nh4 g6 20. Ng2 Rg8 21. Nf4 Bg7 22. Rxg8 Nxg8 23. e6 fxe6 24. Nxg6 Bxc3 25. bxc3 Be4 26. Nf4 Bxc2 27. Nxe6 1-0


[Site "https://www.chess.com"]

[Event "Titled Tuesday Blitz May 4 2021"]
[White "Kis, Lorand Bela"]
[Black "Ivanov, Mike"]
[WhiteFideId "2024098"]
[BlackFideId "2613158"]
[WhiteElo "2085"]
[BlackElo "2197"]
[Result "1/2-1/2"]
[Round "01"]
[TimeControl "180+1"]
[Date "2021.05.04"]
[WhiteClock "0:00:23"]
[BlackClock "0:00:10"]

1. d4 Nf6 2. c4 e6 3. Nc3 Bb4 4. e3 O-O 5. Nf3 b6 6. Bd3 Bb7 7. O-O Bxc3 8. bxc3 Ne4 9. Ne1 f5 10. f3 Nf6 11. Qe2 Qe8 12. e4 Qg6 13. e5 Ne8 14. f4 d6 15. Nf3 Nd7 16. a4 a5 17. Ba3 Be4 18. Rae1 Bxd3 19. Qxd3 Rd8 20. Qe2 h6 21. exd6 Nxd6 22. Bxd6 cxd6 23. Qxe6+ Qxe6 24. Rxe6 Nf6 25. Nd2 Kf7 26. d5 Rfe8 27. Rfe1 Rxe6 28. Rxe6 Ne8 29. Re1 Rc8 30. Rb1 Rb8 31. Kf2 Ke7 32. Ke3 Kd7 33. h3 Nf6 34. Kf3 h5 35. g3 Kc7 36. Re1 Kd7 37. Nb3 Rc8 38. Nd2 g6 39. Rb1 Rb8 40. Re1 Re8 41. Rxe8 Kxe8 42. h4 Kd7 43. Ke3 Ng4+ 44. Kf3 Nf6 45. Nb3 Ke7 46. Nd4 Nd7 47. Nc6+ Kf6 48. Ke3 Nc5 49. Nd8 Nxa4 50. Nb7 Ke7 51. Kd4 Nc5 52. Nxc5 dxc5+ 53. Kd3 Kd6 54. Kc2 b5 55. Kb3 bxc4+ 56. Kxc4 a4 57. Kd3 Kxd5 58. c4+ Kc6 59. Kc3 Kb6 60. Kb2 Ka5 61. Ka3 Kb6 62. Kxa4 Ka6 63. Ka3 Kb6 64. Kb3 Ka6 65. Ka3 Kb6 66. Kb3 Ka6 67. Kc3 Kb6 68. Kb3 1/2-1/2


[Site "https://www.chess.com"]

[Event "Titled Tuesday Blitz May 4 2021"]
[White "Kiselev, Gennady"]
[Black "Shyaamnikhil P"]
[WhiteFideId "4117107"]
[BlackFideId "5024218"]
[WhiteElo "2323"]
[BlackElo "2300"]
[Result "0-1"]
[Round "01"]
[TimeControl "180+1"]
[Date "2021.05.04"]
[WhiteClock "0:00:03"]
[BlackClock "0:01:26"]

1. e4 c5 2. Nf3 d6 3. d4 cxd4 4. Nxd4 Nf6 5. Nc3 a6 6. f4 Qc7 7. Be2 e5 8. Nf3 Nbd7 9. O-O Be7 10. Kh1 O-O 11. a4 exf4 12. Bxf4 Nc5 13. Bd3 Bg4 14. Qe1 Bh5 15. Qg3 Bg6 16. Bd2 Nfxe4 17. Bxe4 Nxe4 18. Qf4 Nxd2 19. Qxd2 Rfe8 20. Nd5 Qxc2 21. Qxc2 Bxc2 22. Nc7 Bf6 23. Nxa8 Rxa8 24. Rf2 Be4 25. Rd1 d5 26. Kg1 Rc8 27. h3 h6 28. Nd4 Rc4 29. Rfd2 Rxa4 30. b3 Rb4 31. Kh2 Be5+ 32. Kg1 Bxd4+ 33. Rxd4 Rxb3 34. R1d2 a5 35. Ra4 b6 36. Ra1 Bd3 37. Kf2 Bc4 0-1


[Site "https://www.chess.com"]

[Event "Titled Tuesday Blitz May 4 2021"]
[White "Kiseljova, Marya"]
[Black "Crevatin, Leo"]
[WhiteFideId "4155009"]
[BlackFideId "1726307"]
[WhiteElo "1797"]
[BlackElo "2081"]
[Result "1/2-1/2"]
[Round "01"]
[TimeControl "180+1"]
[Date "2021.05.04"]
[WhiteClock "0:00:11"]
[BlackClock "0:00:11"]

1. d4 Nf6 2. Bf4 d5 3. e3 c5 4. c3 Nc6 5. Nd2 e6 6. Ngf3 Nh5 7. Bg3 Qb6 8. Qc2 Bd7 9. Ne5 Nxe5 10. Bxe5 f6 11. Bg3 Nxg3 12. hxg3 f5 13. Be2 Rc8 14. Bh5+ Kd8 15. dxc5 Bxc5 16. Nb3 Bd6 17. Qd2 Rf8 18. Be2 a5 19. Rxh7 a4 20. Nd4 e5 21. Nf3 a3 22. bxa3 Bxa3 23. Qxd5 Bb2 24. Rd1 Bxc3+ 25. Kf1 Qc6 26. Rxg7 Rc7 27. Bb5 Qxd5 28. Rxd5 e4 29. Rgxd7+ Rxd7 30. Rxd7+ Kc8 31. Nd4 Rh8 32. Kg1 Re8 33. Nxf5 Re5 34. Nd6+ Kb8 35. Rxb7+ Ka8 36. Bc6 Rc5 37. Rb6+ Ka7 38. Rb7+ Ka6 39. Bb5+ Ka5 40. Ra7+ Kb6 41. Ra6+ Kc7 42. Ne8+ Kb7 43. Rb6+ Ka7 44. Rc6 Rxb5 45. Rxc3 Rb1+ 46. Kh2 Rb2 47. Kh3 Rxf2 48. Nd6 Rf6 49. Nxe4 Re6 50. Kg4 Rxe4+ 51. Kf5 Ra4 52. Rd3 Kb7 53. e4 Rxa2 54. Rd5 Rxg2 55. Ke5 Rxg3 56. Rd7+ Kc6 57. Rd6+ Kc7 58. Rd5 Rg5+ 59. Kf6 Rxd5 60. exd5 Kd6 61. Kf5 Kxd5 1/2-1/2


[Site "https://www.chess.com"]

[Event "Titled Tuesday Blitz May 4 2021"]
[White "Komiagina, Maria"]
[Black "Avramidou, Anastasia"]
[WhiteFideId "4153987"]
[BlackFideId "4239873"]
[WhiteElo "2014"]
[BlackElo "2183"]
[Result "1-0"]
[Round "01"]
[TimeControl "180+1"]
[Date "2021.05.04"]
[WhiteClock "0:00:07"]
[BlackClock "0:00:11"]

1. e4 g6 2. d4 Bg7 3. Nc3 d6 4. Be3 Nf6 5. h3 O-O 6. Qd2 c6 7. a4 a5 8. f4 Na6 9. Nf3 Nb4 10. Be2 Qc7 11. O-O Nh5 12. Kh2 e5 13. dxe5 dxe5 14. Nxe5 Bxe5 15. fxe5 Qxe5+ 16. Kg1 Ng3 17. Rf2 Nxe2+ 18. Qxe2 Be6 19. Rd1 Rfe8 20. Bd4 Qh5 21. Qe3 Rad8 22. Rdf1 Bc4 23. Re1 Nd5 24. Nxd5 Bxd5 25. Qf4 f5 26. Qc7 Qh6 27. Be3 f4 28. Bxf4 Qg7 29. Qxg7+ Kxg7 30. Rfe2 Bc4 31. Re3 Bf7 32. Bc7 Rd4 33. Bxa5 Rxa4 34. Bc3+ Kg8 35. b3 Ra2 36. R3e2 b5 37. Rd1 Be6 38. Rf2 Ra7 39. Rd6 Bf7 40. e5 Re6 41. Rxe6 Bxe6 42. Bb4 Bd5 43. Rf8+ Kg7 44. Re8 Ra1+ 45. Kf2 Rc1 46. c3 Rc2+ 47. Ke3 Rxg2 48. e6 Rg3+ 49. Kd4 Rxh3 50. e7 Kf7 51. Rf8+ Kg7 52. e8=Q Rh4+ 53. Kc5 Re4 54. Rg8+ Kh6 55. Qf8+ Kg5 56. Rh8 h5 57. Qf2 Rg4 58. Kb6 h4 59. Be7# 1-0


[Site "https://www.chess.com"]

[Event "Titled Tuesday Blitz May 4 2021"]
[White "Korchmar, Vasiliy"]
[Black "Lamaze, Simon"]
[WhiteFideId "24131750"]
[BlackFideId "36069264"]
[WhiteElo "2370"]
[BlackElo "1938"]
[Result "0-1"]
[Round "01"]
[TimeControl "180+1"]
[Date "2021.05.04"]
[WhiteClock "0:00:18"]
[BlackClock "0:00:01"]

1. d4 Nf6 2. Nf3 e6 3. Bf4 d5 4. e3 Bd6 5. Bg3 O-O 6. Nbd2 c5 7. c3 Qc7 8. Ne5 Nbd7 9. f4 Ne4 10. Nxe4 dxe4 11. Be2 Nb6 12. O-O f6 13. Ng4 c4 14. Qc2 f5 15. Ne5 Bxe5 16. fxe5 Nd5 17. Qd2 b5 18. a4 Bd7 19. axb5 Bxb5 20. Ra2 a6 21. Rfa1 Qf7 22. Ra5 g5 23. b3 Rac8 24. bxc4 Bxc4 25. Bxc4 Rxc4 26. Rxa6 Rxc3 27. Ra7 Qg6 28. Rd7 Rxe3 29. Bf2 Rd3 30. Qb2 e3 31. Be1 f4 32. Raa7 f3 33. gxf3 Rxf3 34. Qb7 Rf1+ 35. Kxf1 Qf5+ 36. Ke2 Nf4+ 37. Kf3 Qh3+ 38. Ke4 Qg2# 0-1


[Site "https://www.chess.com"]

[Event "Titled Tuesday Blitz May 4 2021"]
[White "Korkmaz, Necmettin"]
[Black "Vasquez Schroeder, Rodrigo"]
[WhiteFideId "6303285"]
[BlackFideId "3400042"]
[WhiteElo "2094"]
[BlackElo "2572"]
[Result "0-1"]
[Round "01"]
[TimeControl "180+1"]
[Date "2021.05.04"]
[WhiteClock "0:01:34"]
[BlackClock "0:01:47"]

1. e4 c5 2. Nf3 d6 3. d4 cxd4 4. Nxd4 Nf6 5. Nc3 a6 6. Bg5 e6 7. f4 Nbd7 8. Qf3 Qc7 9. O-O-O b5 10. e5 Bb7 11. Qh3 dxe5 12. Nxe6 fxe6 13. Qxe6+ Be7 14. Bxb5 axb5 15. Nxb5 Qb6 16. Nd6+ Kd8 17. fxe5 Bd5 18. Rxd5 Nxd5 19. Qxd5 Bxg5+ 20. Kb1 Rb8 21. b3 Kc7 22. Nf7 Be7 23. Nxh8 Rxh8 24. Rd1 Nc5 25. Qf7 Qe6 26. Qxg7 Rg8 27. Qxh7 Rxg2 28. b4 Na4 29. Qd3 Qc6 30. c4 Nb2 31. Qh7 Nxd1 32. Qxe7+ Qd7 33. Qc5+ Kb7 34. Qd5+ Qxd5 35. cxd5 Nc3+ 36. Kc1 Nxd5 0-1


[Site "https://www.chess.com"]

[Event "Titled Tuesday Blitz May 4 2021"]
[White "Kostiukov, Alexandr"]
[Black "Tisaj, Domen"]
[WhiteFideId "14108100"]
[BlackFideId "14628708"]
[WhiteElo "2240"]
[BlackElo "2243"]
[Result "0-1"]
[Round "01"]
[TimeControl "180+1"]
[Date "2021.05.04"]
[WhiteClock "0:00:09"]
[BlackClock "0:01:30"]

1. g3 e5 2. c4 Nf6 3. Bg2 Nc6 4. Nc3 Bb4 5. Nd5 Bc5 6. e3 O-O 7. Ne2 d6 8. O-O Re8 9. d4 Bb6 10. Nxb6 axb6 11. d5 Ne7 12. b3 Bf5 13. Bb2 Qd7 14. f4 Bh3 15. fxe5 Bxg2 16. Rxf6 gxf6 17. exf6 Nf5 18. Nf4 Nxe3 19. Qh5 Qg4 20. Qh6 Nf5 21. Qh5 Qxh5 22. Nxh5 Bf3 23. Rf1 Bxh5 24. Rxf5 Bg6 25. Rg5 Rxa2 26. Bd4 Re1# 0-1


[Site "https://www.chess.com"]

[Event "Titled Tuesday Blitz May 4 2021"]
[White "Kovacs, Klara"]
[Black "Tomb, Maroun"]
[WhiteFideId "733210"]
[BlackFideId "5300398"]
[WhiteElo "2120"]
[BlackElo "2566"]
[Result "0-1"]
[Round "01"]
[TimeControl "180+1"]
[Date "2021.05.04"]
[WhiteClock "0:00:06"]
[BlackClock "0:01:13"]

1. Nf3 d6 2. g3 Nf6 3. Bg2 e5 4. d3 Nbd7 5. c4 Be7 6. O-O O-O 7. Nc3 c6 8. Bg5 h6 9. Bd2 Re8 10. Rc1 Bf8 11. b4 a6 12. a4 d5 13. cxd5 cxd5 14. b5 e4 15. dxe4 dxe4 16. Ne1 Nb6 17. a5 Nc4 18. Bf4 Qxd1 19. Rxd1 Nxa5 20. bxa6 Rxa6 21. Nb5 Rc6 22. Na7 Rc4 23. f3 Bc5+ 24. e3 Bxa7 25. fxe4 Nxe4 26. Nd3 Nc3 27. Rde1 Nb3 28. Kh1 Nd2 29. Rf2 Nce4 30. Bxe4 Nxe4 31. Ra2 Bb6 32. Rb2 Ba5 33. Reb1 Bc3 34. Rc2 Bf5 35. Ne5 Bxe5 36. Rxc4 Bxf4 37. exf4 Nf2+ 38. Kg2 Bxb1 39. Kxf2 Bd3 40. Rb4 b5 41. Kf3 Bc4 42. Kf2 Re2+ 0-1


[Site "https://www.chess.com"]

[Event "Titled Tuesday Blitz May 4 2021"]
[White "Kovalev, Vladislav"]
[Black "Rorrer, Grayson"]
[WhiteFideId "13504398"]
[BlackFideId "30944996"]
[WhiteElo "2573"]
[BlackElo "2430"]
[Result "1/2-1/2"]
[Round "01"]
[TimeControl "180+1"]
[Date "2021.05.04"]
[WhiteClock "0:00:07"]
[BlackClock "0:00:12"]

1. e4 c5 2. Be2 d6 3. d3 Nf6 4. f4 Nc6 5. Nf3 g6 6. O-O Bg7 7. c3 O-O 8. Kh1 b5 9. a3 Rb8 10. Be3 a5 11. Nbd2 b4 12. axb4 axb4 13. d4 bxc3 14. bxc3 cxd4 15. cxd4 d5 16. e5 Ne8 17. Nb3 Nc7 18. Rc1 Nb4 19. Nc5 Ne6 20. Nxe6 Bxe6 21. Ng5 Bd7 22. Rc5 Qb6 23. Qd2 Qa7 24. Rb1 Qa3 25. h3 Bf5 26. Rbc1 Qa2 27. Rc7 Qxd2 28. Bxd2 Na2 29. Rd1 h6 30. Nf3 e6 31. Ra1 Rb2 32. Ra7 Nb4 33. Rb7 Nd3 34. Rxb2 Nxb2 35. Ra7 Bd3 36. Bxd3 Nxd3 37. Ra3 Nb2 38. Rb3 Nc4 39. Be1 Ra8 40. Kh2 Bf8 41. Bf2 Ra2 42. Kg1 Rb2 43. Rxb2 Nxb2 44. Kf1 Nd3 45. g3 Nb2 46. Ke2 Nc4 47. Be1 f5 48. exf6 Kf7 49. g4 Kxf6 50. Bh4+ Kg7 51. Be1 Bd6 52. Bg3 Bc7 53. Bh2 Bd6 54. Kd3 Nb2+ 55. Ke2 Nc4 56. Ne1 g5 57. Nd3 gxf4 58. Bxf4 Bxf4 59. Nxf4 Kf6 60. h4 Nb6 61. Nd3 Nd7 62. Kf3 e5 63. dxe5+ Nxe5+ 64. Nxe5 Kxe5 65. Ke3 d4+ 66. Kd3 Kd5 67. g5 hxg5 68. hxg5 Ke5 69. g6 Kf6 70. g7 Kxg7 71. Kxd4 1/2-1/2


[Site "https://www.chess.com"]

[Event "Titled Tuesday Blitz May 4 2021"]
[White "Kraemer, Martin"]
[Black "Zemach, Roee"]
[WhiteFideId "4671910"]
[BlackFideId "2818531"]
[WhiteElo "2482"]
[BlackElo "2131"]
[Result "1-0"]
[Round "01"]
[TimeControl "180+1"]
[Date "2021.05.04"]
[WhiteClock "0:00:25"]
[BlackClock "0:00:09"]

1. d4 Nf6 2. c4 e6 3. Nc3 Bb4 4. e3 O-O 5. Bd3 c5 6. Nf3 d5 7. O-O cxd4 8. exd4 dxc4 9. Bxc4 b6 10. Qe2 Bb7 11. Rd1 Nbd7 12. d5 exd5 13. Nxd5 Nxd5 14. Bxd5 Bxd5 15. Rxd5 Qc8 16. Bg5 Re8 17. Qb5 Qc2 18. Qxb4 Nc5 19. Rd2 Qf5 20. Qf4 Qe6 21. Qd4 h6 22. Be3 Ne4 23. Rc2 Rad8 24. Qc4 Qg6 25. h3 Nd6 26. Qb3 Nf5 27. Re1 Re6 28. Rce2 Rde8 29. Qd3 Qh5 30. Bd2 Rxe2 31. Rxe2 Rc8 32. g4 Qxh3 33. Qxf5 Rd8 34. Qf4 Rc8 35. Qg3 Qxg3+ 36. fxg3 Rc4 37. Ne5 Rd4 38. Bc3 Rd1+ 39. Kf2 f6 40. Nf3 Kf7 41. Nh4 Rd3 42. Nf5 Rd7 43. Bb4 Kg6 44. Ne7+ Kg5 45. Re4 Rd3 46. Nf5 a5 47. Bc3 g6 48. Nh4 b5 49. Nf3+ Rxf3+ 50. Kxf3 b4 51. Bxb4 axb4 52. Rxb4 h5 53. gxh5 gxh5 54. Rb5+ f5 55. b4 h4 56. gxh4+ Kxh4 57. Rxf5 Kh3 58. Rh5# 1-0


[Site "https://www.chess.com"]

[Event "Titled Tuesday Blitz May 4 2021"]
[White "Krasilnikov, Evgeni"]
[Black "Izoria, Zviad"]
[WhiteFideId "4139739"]
[BlackFideId "13601733"]
[WhiteElo "2357"]
[BlackElo "2626"]
[Result "1-0"]
[Round "01"]
[TimeControl "180+1"]
[Date "2021.05.04"]
[WhiteClock "0:00:03"]
[BlackClock "0:00:19"]

1. e4 c6 2. d4 d5 3. e5 Bf5 4. h4 Qb6 5. g4 Bd7 6. h5 c5 7. c3 cxd4 8. cxd4 Nc6 9. Nc3 Qxd4 10. Qxd4 Nxd4 11. Nxd5 O-O-O 12. Ne3 Bc6 13. Rh2 e6 14. Bd2 f6 15. f4 fxe5 16. fxe5 Nh6 17. O-O-O Nf7 18. Bc3 Bc5 19. Re1 Nxe5 20. Rf2 Ndf3 21. Nxf3 Nxf3 22. Rxf3 Bxf3 23. Bxg7 Rhg8 24. Bh6 Bxe3+ 25. Bxe3 Rxg4 26. Bh3 Rc4+ 27. Kb1 Be4+ 28. Ka1 Bf5 29. Bf1 Rc2 30. a3 a6 31. h6 Rd5 32. Bg5 Kd7 33. Ka2 b5 34. Bf4 Kc6 35. Bg5 a5 36. Bf4 a4 37. Bg5 Kd7 38. Bf4 Bd3 39. Bh3 Bf5 40. Bf1 Rf2 41. Be3 Rh2 42. Bf4 Rh3 43. Bxh3 Bxh3 44. Rg1 Bf5 45. Rg7+ Kc6 46. Rc7+ Kb6 47. Re7 Rd3 48. Be5 Rh3 49. Bd4+ Kc6 50. Be5 Kd5 51. Bf4 Bd3 52. Bc7 Bc4+ 53. Kb1 Bd3+ 54. Kc1 Rxh6 55. Kd2 Bc4 56. Kc3 Rh3+ 57. Kc2 h5 58. Kd2 h4 59. Rh7 Rh2+ 60. Bxh2 e5 61. Rxh4 1-0


[Site "https://www.chess.com"]

[Event "Titled Tuesday Blitz May 4 2021"]
[White "Kretov, Evgenij"]
[Black "Chyzy, Jakub"]
[WhiteFideId "4167821"]
[BlackFideId "21806209"]
[WhiteElo "2381"]
[BlackElo "2013"]
[Result "1-0"]
[Round "01"]
[TimeControl "180+1"]
[Date "2021.05.04"]
[WhiteClock "0:01:24"]
[BlackClock "0:00:05"]

1. d4 Nf6 2. c4 d6 3. Nf3 Nbd7 4. Nc3 e5 5. e4 g6 6. Be2 Bg7 7. O-O O-O 8. Re1 c6 9. Bf1 a6 10. h3 b5 11. d5 bxc4 12. dxc6 Nb6 13. Nd5 Nfxd5 14. exd5 f5 15. Bg5 Qc7 16. Rc1 e4 17. Nd4 h6 18. Bf4 g5 19. Bh2 Rb8 20. g4 Kh8 21. Nxf5 Bxf5 22. gxf5 Rxf5 23. Bxc4 Nxc4 24. Rxc4 Rxb2 25. Re2 Rxe2 26. Qxe2 Rxd5 27. Qxe4 Rd1+ 28. Kg2 Be5 29. Bxe5+ dxe5 30. Rb4 Rd6 31. Qxe5+ Kg8 32. Qe8+ Kg7 33. Rb7 Rxc6 34. Rxc7+ Rxc7 35. Qe5+ 1-0


[Site "https://www.chess.com"]

[Event "Titled Tuesday Blitz May 4 2021"]
[White "Krivonosov, Oleg"]
[Black "Kokoszczynski, Jan"]
[WhiteFideId "11600349"]
[BlackFideId "1174460"]
[WhiteElo "2469"]
[BlackElo "2166"]
[Result "1/2-1/2"]
[Round "01"]
[TimeControl "180+1"]
[Date "2021.05.04"]
[WhiteClock "0:01:17"]
[BlackClock "0:00:50"]

1. Nf3 d5 2. d4 Nf6 3. c4 e6 4. g3 Bb4+ 5. Bd2 a5 6. Qc2 O-O 7. Bg2 c6 8. O-O b6 9. a3 Bd6 10. Bg5 Ba6 11. Nbd2 Nbd7 12. e4 Be7 13. e5 Ne8 14. Bxe7 Qxe7 15. Rfc1 Rc8 16. b4 Nc7 17. c5 axb4 18. axb4 bxc5 19. bxc5 Ra8 20. h4 Bb5 21. Qb2 h6 22. Rxa8 Rxa8 23. Ra1 Qd8 24. Ra3 Qb8 25. Qa1 Rxa3 26. Qxa3 Qa8 27. Qxa8+ Nxa8 28. Bf1 Nc7 29. Nb3 f6 30. Bxb5 Nxb5 31. Na5 Nb8 32. Kf1 Kf7 33. Ke2 Nc3+ 34. Kd3 Nd1 35. Ke2 Nc3+ 36. Ke3 Nd1+ 37. Ke2 Nc3+ 1/2-1/2


[Site "https://www.chess.com"]

[Event "Titled Tuesday Blitz May 4 2021"]
[White "Krysa, Leandro"]
[Black "Martinez Lopez, David"]
[WhiteFideId "116807"]
[BlackFideId "22235779"]
[WhiteElo "2490"]
[BlackElo "2343"]
[Result "1-0"]
[Round "01"]
[TimeControl "180+1"]
[Date "2021.05.04"]
[WhiteClock "0:01:01"]
[BlackClock "0:00:07"]

1. e4 e6 2. d4 d5 3. Nc3 Nf6 4. e5 Nfd7 5. f4 c5 6. Nf3 Nc6 7. Be3 Be7 8. Qd2 b6 9. Be2 O-O 10. O-O f5 11. exf6 Nxf6 12. Ne5 Bb7 13. Kh1 Rc8 14. Rad1 a6 15. Nxc6 Rxc6 16. Bd3 c4 17. Be2 b5 18. a3 Rc7 19. Rde1 Bc6 20. Bf2 a5 21. Bf3 b4 22. axb4 axb4 23. Nd1 Ne4 24. Bxe4 dxe4 25. c3 Bd6 26. Bg3 b3 27. Ne3 Bd5 28. h3 Rcf7 29. Rf2 Qc7 30. Ref1 g5 31. Ng4 Kg7 32. Ne5 Bxe5 33. fxe5 h6 34. Rf6 Qe7 35. h4 Kh7 36. hxg5 hxg5 37. Qxg5 Rxf6 38. exf6 Qf7 39. Rf4 Rh8 40. Rh4+ 1-0


[Site "https://www.chess.com"]

[Event "Titled Tuesday Blitz May 4 2021"]
[White "Kwon, Sehyun"]
[Black "Gershon, Alik"]
[WhiteFideId "13203088"]
[BlackFideId "2802430"]
[WhiteElo "1778"]
[BlackElo "2282"]
[Result "1-0"]
[Round "01"]
[TimeControl "180+1"]
[Date "2021.05.04"]
[WhiteClock "0:00:09"]
[BlackClock "0:00:41"]

1. e4 c6 2. c4 d5 3. cxd5 cxd5 4. exd5 Nf6 5. Qa4+ Nbd7 6. Nc3 g6 7. Nf3 Bg7 8. Bc4 O-O 9. d3 Nb6 10. Qb3 a5 11. a4 Qd6 12. Be3 Nbd7 13. O-O Nc5 14. Qa3 b6 15. Nb5 Qd8 16. Bxc5 bxc5 17. Qxc5 Ba6 18. Rfe1 Ng4 19. Rab1 Bxb5 20. Bxb5 Rc8 21. Bc6 Qd6 22. Qxa5 Ne5 23. Nxe5 Bxe5 24. g3 h5 25. Qd2 h4 26. d4 Bf6 27. b4 hxg3 28. hxg3 e6 29. b5 exd5 30. a5 Bd8 31. Ra1 Rc7 32. a6 Ra7 33. Qa2 Bb6 34. Qxd5 Qxd5 35. Bxd5 Bxd4 36. Rad1 Bb6 37. Bf3 Kg7 38. Rd6 Rb8 39. Be2 Re7 40. Kf1 Ba7 41. Red1 Rbe8 42. Bf3 Rb8 43. Rd7 Rxd7 44. Rxd7 Bc5 45. Bc6 Kf6 46. a7 Bxa7 47. Rxa7 Ke6 48. Rb7 Rc8 49. Bf3 Rc5 50. b6 Rb5 51. Rb8 Kd6 52. b7 Kc7 53. Rc8+ Kd7 54. b8=Q Rxb8 55. Rxb8 Kd6 56. Rb5 f5 57. Ke2 Ke6 58. Ke3 Kf6 59. g4 fxg4 60. Bxg4 g5 61. Ke4 Kg6 62. Rb6+ 1-0


[Site "https://www.chess.com"]

[Event "Titled Tuesday Blitz May 4 2021"]
[White "Landaw, Julian"]
[Black "Von Buelow, Georg"]
[WhiteFideId "2023342"]
[BlackFideId "4620658"]
[WhiteElo "2312"]
[BlackElo "2181"]
[Result "1-0"]
[Round "01"]
[TimeControl "180+1"]
[Date "2021.05.04"]
[WhiteClock "0:00:03"]
[BlackClock "0:00:02"]

1. e4 c5 2. Nc3 a6 3. g3 b5 4. Bg2 Bb7 5. a3 e6 6. d3 Nc6 7. Nge2 d6 8. O-O Nf6 9. f4 Be7 10. h3 O-O 11. g4 Nd7 12. Be3 Nb6 13. g5 d5 14. Bf2 d4 15. Nb1 e5 16. h4 exf4 17. Nxf4 Ne5 18. Nd2 Bd6 19. Nh5 Bc8 20. Ng3 Bg4 21. Qc1 g6 22. b4 cxb4 23. axb4 Bxb4 24. Nb3 Bc3 25. Rb1 a5 26. Qf4 Qd6 27. Kh1 b4 28. h5 a4 29. Nc1 Nbd7 30. Nge2 Bxh5 31. Bg3 a3 32. Nxc3 bxc3 33. Na2 Rab8 34. Bh3 Qe7 35. Bxd7 Rxb1 36. Rxb1 Nxd7 37. Rb7 Qe6 38. Rb3 Qh3+ 39. Kg1 Be2 40. Qf2 Bg4 41. Rxa3 f6 42. Qg2 Qh5 43. Ra7 fxg5 44. Nb4 Bh3 45. Rxd7 Bxg2 46. Kxg2 Qf3+ 47. Kh2 Qe2+ 48. Kh3 h5 49. Rg7+ 1-0


[Site "https://www.chess.com"]

[Event "Titled Tuesday Blitz May 4 2021"]
[White "Langner, Ladislav"]
[Black "Matinian, Nikita"]
[WhiteFideId "300403"]
[BlackFideId "24129100"]
[WhiteElo "2346"]
[BlackElo "2410"]
[Result "0-1"]
[Round "01"]
[TimeControl "180+1"]
[Date "2021.05.04"]
[WhiteClock "0:00:03"]
[BlackClock "0:00:05"]

1. e4 c5 2. d4 cxd4 3. c3 dxc3 4. Nxc3 Nc6 5. Nf3 e6 6. Bf4 a6 7. Be2 Nge7 8. Bd6 b5 9. Qd2 Ng6 10. Bxf8 Rxf8 11. h4 h6 12. h5 Nge5 13. Nxe5 Nxe5 14. f4 Nc4 15. Bxc4 bxc4 16. Qd4 Qc7 17. g3 f6 18. O-O-O Rb8 19. Rhe1 Qb6 20. Qd2 Qc6 21. Qe2 a5 22. Rd4 Ba6 23. Red1 Rf7 24. Rd6 Qb7 25. f5 Re7 26. fxe6 dxe6 27. Na4 Bb5 28. Rb6 Qc8 29. Rxb8 Qxb8 30. Nc3 Bd7 31. Qg4 Qe5 32. Rd2 Kf8 33. Qg6 Be8 34. Qh7 Qxh5 35. Qh8+ Kf7 36. Ne2 Qh1+ 37. Rd1 Qxe4 38. Nf4 Qe3+ 39. Kb1 c3 40. Qh7 Rb7 0-1


[Site "https://www.chess.com"]

[Event "Titled Tuesday Blitz May 4 2021"]
[White "Lauridsen, Jesper Morch"]
[Black "Flores Quillas, Diego Saul Rodri"]
[WhiteFideId "1401890"]
[BlackFideId "3822508"]
[WhiteElo "2272"]
[BlackElo "2071"]
[Result "0-1"]
[Round "01"]
[TimeControl "180+1"]
[Date "2021.05.04"]
[WhiteClock "0:00:03"]
[BlackClock "0:00:04"]

1. e4 c5 2. c3 Nf6 3. e5 Nd5 4. d4 cxd4 5. Nf3 e6 6. cxd4 d6 7. Bc4 Be7 8. O-O O-O 9. Qe2 Nc6 10. Rd1 a6 11. Nc3 Nxc3 12. bxc3 Qc7 13. Bd3 Bd7 14. Bg5 dxe5 15. dxe5 Bxg5 16. Bxh7+ Kxh7 17. Nxg5+ Kg6 18. Qg4 Nxe5 19. Qg3 Kf6 20. Re1 Bc6 21. Qh4 Rh8 22. Qf4+ Kg6 23. Rxe5 f6 24. Qg4 Qxe5 25. Nf3+ Qg5 26. Nxg5 fxg5 27. Qxe6+ Kh7 28. Re1 Rae8 29. Qf5+ Kh6 30. Rxe8 Rxe8 31. h3 Re7 32. Kh2 Re4 33. Qf7 Rf4 34. Qg8 Rxf2 35. Qh8+ Kg6 36. Kg3 Rxg2# 0-1


[Site "https://www.chess.com"]